[Event "*** SCC Grand Prix: Titled Tuesday Blitz"]
[Site "Chess.com"]
[Date "2020.08.25"]
[Round "10"]
[White "MashaFromRussia"]
[Black "WinstonSilvakov"]
[Result "1-0"]
[WhiteElo "2399"]
[BlackElo "2140"]
[TimeControl "180+1"]
[EndTime "11:54:47 PDT"]
[Termination "MashaFromRussia won by resignation"]

1. d4 Nf6 2. c4 e5 3. dxe5 Ng4 4. Bf4 Bc5 5. e3 d6 6. exd6 Nc6 7. Nf3 Qf6 8. Qd2 cxd6 9. Bd3 O-O 10. O-O Nge5 11.
Be2 Nxf3+ 12. Bxf3 Ne5 13. Bd5 Be6 14. Nc3 Nxc4 15.
Bxc4 Bxc4 16. Rfd1 Rfd8 17. Ne4 Qg6 18. Nxc5 1-0

[Event "*** SCC Grand Prix: Titled Tuesday Blitz"]
[Site "Chess.com"]
[Date "2020.08.25"]
[Round "10"]
[White "IMAghasiyevKamal"]
[Black "GaboSalazar2001"]
[Result "1/2-1/2"]
[WhiteElo "2430"]
[BlackElo "2310"]
[TimeControl "180+1"]
[EndTime "11:54:56 PDT"]
[Termination "Game drawn by agreement"]

1. d4 Nf6 2. c4 c5 3. d5 b5 4.
cxb5 a6 5. bxa6 g6 6. Nc3 Bg7 7. e4 O-O 8. Nf3 Qa5 9. Bd2 Bxa6 10. Be2 Bxe2 11. Qxe2 Qa6 12. h3 e6 1/2-1/2

[Event "*** SCC Grand Prix: Titled Tuesday Blitz"]
[Site "Chess.com"]
[Date "2020.08.25"]
[Round "10"]
[White "seorobert1971"]
[Black "Jumbo"]
[Result "0-1"]
[WhiteElo "2644"]
[BlackElo "2785"]
[TimeControl "180+1"]
[EndTime "11:55:11 PDT"]
[Termination "Jumbo won by resignation"]

1. c4 e5 2. Nc3 Nf6 3. Nf3 Nc6 4. g3 d5 5. cxd5 Nxd5 6. Bg2 Nb6 7. O-O Be7 8. d3 O-O 9. Be3 Be6 10. Rc1 f5 11. Na4 Bxa2 12. Nxb6 axb6 13. b3 f4 14. Bd2 Qd5 15. Bc3 Bxb3 16. Nxe5 f3 17. Nxc6 bxc6 0-1

[Event "*** SCC Grand Prix: Titled Tuesday Blitz"]
[Site "Chess.com"]
[Date "2020.08.25"]
[Round "10"]
[White "EddieMarsalla"]
[Black "margarita_2703"]
[Result "1-0"]
[WhiteElo "2541"]
[BlackElo "2408"]
[TimeControl "180+1"]
[EndTime "11:55:35 PDT"]
[Termination "EddieMarsalla won by resignation"]

1. d4 d5 2. Bg5 c5 3. e3 Nc6 4.
c3 Qb6 5. Qb3 c4 6. Qc2 h6 7.
Bh4 Bf5 8. Qxf5 Qxb2 9. Qxd5 Qxa1 10. Qb5 Kd8 11. Bg3 e5 12. Bxc4 Ba3 13. Ne2 Qb2 14.
Qd5+ Kc8 15. O-O Nge7 16. Qxf7 Bd6 17. dxe5 Nxe5 18. Bxe5 Bxe5 19. Qxe7 1-0

[Event "*** SCC Grand Prix: Titled Tuesday Blitz"]
[Site "Chess.com"]
[Date "2020.08.25"]
[Round "10"]
[White "politeplayer"]
[Black "Manukyan_Artak"]
[Result "1-0"]
[WhiteElo "2218"]
[BlackElo "2306"]
[TimeControl "180+1"]
[EndTime "11:55:35 PDT"]
[Termination "politeplayer won by resignation"]

1. e4 c6 2. d4 d5 3. exd5 cxd5 4. c4 Nf6 5. Nc3 g6 6. g3 Bg7 7. Bg2 dxc4 8. Qa4+ Bd7 9. Qxc4 Bc6 10. d5 Qd7 11. dxc6 Nxc6 12. Bxc6 bxc6 13. Be3 O-O 14. Rd1 Qb7 15.
Nge2 Qxb2 16. O-O Rfc8 17. Rb1 Qc2 18. Nd4 Qxb1 19. Rxb1 1-0

[Event "*** SCC Grand Prix: Titled Tuesday Blitz"]
[Site "Chess.com"]
[Date "2020.08.25"]
[Round "10"]
[White "RaunakSadhwani2005"]
[Black "MarcoRiehle"]
[Result "1-0"]
[WhiteElo "2859"]
[BlackElo "2730"]
[TimeControl "180+1"]
[EndTime "11:55:36 PDT"]
[Termination "RaunakSadhwani2005 won by resignation"]

1. e4 e5 2. d4 exd4 3. Qxd4 Nc6 4. Qc4 Nf6 5. Nc3 Bb4 6. Bd2 O-O 7. O-O-O Re8 8. f3 a5 9. a3 Be7 10. g4 d6 11. g5 Nd7 12. h4 Nce5 13. Qe2 b5 14.
Nd5 c6 15. Nxe7+ Qxe7 16. h5 Nc4 17. g6 fxg6 18. hxg6 h6 19. Qh2 Qf6 20. Bxc4+ bxc4 21. Bc3 Qxg6 22. Rxd6 Qg5+ 23. f4 Qc5 24. Rxh6 gxh6 25. Qg3+ Kf7 26. Qg7+ 1-0

[Event "*** SCC Grand Prix: Titled Tuesday Blitz"]
[Site "Chess.com"]
[Date "2020.08.25"]
[Round "10"]
[White "CraiggoryC"]
[Black "alexgo05"]
[Result "0-1"]
[WhiteElo "2125"]
[BlackElo "2320"]
[TimeControl "180+1"]
[EndTime "11:55:36 PDT"]
[Termination "alexgo05 won by resignation"]

1. e4 d6 2. d4 Nf6 3. Nc3 e5 4. Nge2 Nbd7 5. g3 Be7 6. Bg2 O-O 7. O-O c6 8. a4 b6 9. h3 h5 10. Be3 Bb7 11. Qd2 a6 12. Kh2 Re8 13. f4 Bf8 14.
dxe5 dxe5 15. f5 Nc5 16. Rad1 Qxd2 17. Rxd2 b5 18. Bg5 b4 19. Na2 Nfxe4 0-1

[Event "*** SCC Grand Prix: Titled Tuesday Blitz"]
[Site "Chess.com"]
[Date "2020.08.25"]
[Round "10"]
[White "Oglob71"]
[Black "Balla_Tamas"]
[Result "0-1"]
[WhiteElo "2541"]
[BlackElo "2466"]
[TimeControl "180+1"]
[EndTime "11:56:16 PDT"]
[Termination "Balla_Tamas won on time"]

1. d4 Nf6 2. Nf3 e6 3. c4 b6 4. Bf4 Bb7 5. e3 Bb4+ 6. Nfd2 O-O 7. a3 Be7 8. Nc3 d5 9. cxd5 Nxd5 10. Nxd5 Bxd5 11.
Qc2 c5 0-1

[Event "*** SCC Grand Prix: Titled Tuesday Blitz"]
[Site "Chess.com"]
[Date "2020.08.25"]
[Round "10"]
[White "Shubinkirill2003"]
[Black "chito89"]
[Result "0-1"]
[WhiteElo "2641"]
[BlackElo "2781"]
[TimeControl "180+1"]
[EndTime "11:56:36 PDT"]
[Termination "chito89 won by resignation"]

1. e4 c5 2. Nf3 e6 3. g3 Nc6 4.
Bg2 Nf6 5. Qe2 d5 6. exd5 Nxd5 7. O-O Be7 8. Rd1 e5 9. Nxe5 Nd4 10. Qd3 Nb4 11.
Qe4 Nbxc2 12. Nc3 Nxa1 13. Nd5 Be6 14. Nxe7 Qxe7 15. b3 O-O 16. b4 Nac2 17. bxc5 Qxc5 18. Bb2 Rfd8 19. Rc1 Qb5 20. Rxc2 Nxc2 21. Qxc2 Rac8 22. Bc3 Qxe5 0-1

[Event "*** SCC Grand Prix: Titled Tuesday Blitz"]
[Site "Chess.com"]
[Date "2020.08.25"]
[Round "10"]
[White "Diego_FloresQ"]
[Black "Borsuk_Konstantin"]
[Result "0-1"]
[WhiteElo "2411"]
[BlackElo "2543"]
[TimeControl "180+1"]
[EndTime "11:56:49 PDT"]
[Termination "Borsuk_Konstantin won by resignation"]

1. e4 e6 2. d4 d5 3. Nc3 Bb4 4. e5 b6 5. Qg4 Bf8 6. h4 Ne7 7. h5 h6 8. Qf4 Ba6 9. Bxa6 Nxa6 10. Bd2 Qd7 11. Nf3 c5 12. dxc5 bxc5 13. a4 Nb4 14. Nb5 Nec6 15. Bxb4 Nxb4 16. Qd2 a6 17.
Nc3 Be7 18. Ne2 Nc6 19. g4 Rb8 20. b3 Rb4 21. Rg1 c4 22. Ned4 cxb3 23. c3 0-1

[Event "*** SCC Grand Prix: Titled Tuesday Blitz"]
[Site "Chess.com"]
[Date "2020.08.25"]
[Round "10"]
[White "juancruzarias"]
[Black "sergeikim"]
[Result "1/2-1/2"]
[WhiteElo "2382"]
[BlackElo "2505"]
[TimeControl "180+1"]
[EndTime "11:56:53 PDT"]
[Termination "Game drawn by repetition"]

1. e4 e5 2. Nc3 Nf6 3. Nf3 Nc6 4. d4 exd4 5. Nxd4 Bb4 6. Nxc6 bxc6 7. Bd3 d5 8. exd5 Qe7+ 9. Qe2 Qxe2+ 10. Kxe2 Nxd5 11. Nxd5 cxd5 12. Bf4 c5 13. c3 Ba5 14. Rhe1 Be6 15. Bb5+ Ke7 16. Kf3 Rac8 17. Re2 Rhd8 18. Bd3 h6 19. h3 Kd7 20. Bb5+ Ke7 21. Bd3 Kd7 22. Bb5+ Ke7 23. Bd3 1/2-1/2

[Event "*** SCC Grand Prix: Titled Tuesday Blitz"]
[Site "Chess.com"]
[Date "2020.08.25"]
[Round "10"]
[White "guillembaches"]
[Black "Marty435"]
[Result "1-0"]
[WhiteElo "2431"]
[BlackElo "2589"]
[TimeControl "180+1"]
[EndTime "11:56:53 PDT"]
[Termination "guillembaches won by resignation"]

1. e4 c5 2. Nf3 Nc6 3. d4 cxd4 4.
Nxd4 Nf6 5. Nc3 d6 6. Bg5 e6 7.
Qd2 a6 8. O-O-O Bd7 9. f4 h6 10. Bh4 b5 11. a3 Qb6 12. Bxf6 gxf6 13. Nxc6 Bxc6 14. Qe1 h5 15. Nd5 Bxd5 16. exd5 e5 17. fxe5 Bh6+ 18. Kb1 fxe5 19. Bd3 Qe3 20. Qa5 Qc5 21.
Rhf1 Be3 22. Qe1 Bg5 23. Qg3 Qe3 24. Rf3 h4 25. Qg4 1-0

[Event "*** SCC Grand Prix: Titled Tuesday Blitz"]
[Site "Chess.com"]
[Date "2020.08.25"]
[Round "10"]
[White "Alembong"]
[Black "ZarinaShafigullina"]
[Result "1-0"]
[WhiteElo "2443"]
[BlackElo "2311"]
[TimeControl "180+1"]
[EndTime "11:56:57 PDT"]
[Termination "Alembong won by resignation"]

1. d4 Nf6 2. Nf3 e6 3. g3 b6 4. Bg2 Bb7 5. O-O c5 6. dxc5 bxc5 7. c4 d6 8. Nc3 Nbd7 9. b3 a6 10. Bf4 Nb6 11. Qd2 Ne4 12. Nxe4 Bxe4 13. Rfd1 d5 14.
cxd5 exd5 15. Be5 f6 16. Bb2 Bd6 17. Nh4 Bxg2 18. Kxg2 O-O 19. Rac1 Rc8 20. Nf5 Be5 21. Ba3 d4 22. Kg1 Qd5 23. Ne7+ 1-0

[Event "*** SCC Grand Prix: Titled Tuesday Blitz"]
[Site "Chess.com"]
[Date "2020.08.25"]
[Round "10"]
[White "Chessdemon2019"]
[Black "JesseKraai"]
[Result "0-1"]
[WhiteElo "2361"]
[BlackElo "2535"]
[TimeControl "180+1"]
[EndTime "11:57:02 PDT"]
[Termination "JesseKraai won by resignation"]

1. e4 d6 2. d4 Nf6 3. Nc3 e5 4. dxe5 dxe5 5. Qxd8+ Kxd8 6. Bc4 Be6 7. Bxe6 fxe6 8. Nf3 Nbd7 9. O-O Bc5 10. Be3 Bxe3 11.
fxe3 Ke7 12. h3 Ne8 13. Rad1 Nd6 14. b3 a6 15. a4 b5 16. Nd2 Nc5 17. axb5 axb5 18. b4 Na4 19. Nxa4 Rxa4 20. c4 bxc4 21. Rb1 Rb8 22. Rfc1 Rbxb4 23. Rxb4 Rxb4 24. Kf2 Rb2 25. Ke1 Kd7 26. Nxc4 Nxc4 27. Rxc4 Rxg2 28. Rc3 Rh2 29. Rd3+ Ke7 30. Rc3 Rxh3 31. Rxc7+ Kf6 32. Kf2 Rh2+ 33. Kg3 Re2 34. Kf3 Ra2 35. Rc8 h5 36. Rf8+ Kg5 37. Kg3 Ra3 38. Kf3 h4 39. Rh8 Ra1 40. Rh7 g6 41. Rh8 Rf1+ 42. Kg2 Rf6 43. Rh7 Kg4 44. Ra7 h3+ 45. Kg1 Kg3 46. Ra2 h2+ 47. Rxh2 Rf1+ 48.
Kxf1 Kxh2 49. Kf2 Kh3 50. Kf3 g5 51. Kf2 g4 52. Kg1 Kg3 53. Kf1 Kf3 54. Kg1 Kxe3 55.
Kg2 Kxe4 56. Kg3 Kf5 0-1

[Event "*** SCC Grand Prix: Titled Tuesday Blitz"]
[Site "Chess.com"]
[Date "2020.08.25"]
[Round "10"]
[White "chessfrendz"]
[Black "HrvojeZagreb"]
[Result "1-0"]
[WhiteElo "2221"]
[BlackElo "2167"]
[TimeControl "180+1"]
[EndTime "11:57:02 PDT"]
[Termination "chessfrendz won by resignation"]

1. e4 d6 2. Bc4 Nf6 3. d3 e5 4.
Nc3 Be7 5. f4 c6 6. Nf3 b5 7.
Bb3 Bg4 8. fxe5 dxe5 9. Bxf7+ Kxf7 10. Nxe5+ Ke8 11. Nxg4 b4 12. Nxf6+ Bxf6 13. Ne2 Qb6 14. d4 c5 15. e5 Bh4+ 16. g3 Be7 17. Be3 Nd7 18. O-O cxd4 19. Bxd4 Bc5 20. c3 Nxe5 21. Rf5 Bxd4+ 22. Nxd4 Ng6 23. Qa4+ Kd8 24. Rd5+ 1-0

[Event "*** SCC Grand Prix: Titled Tuesday Blitz"]
[Site "Chess.com"]
[Date "2020.08.25"]
[Round "10"]
[White "Schandenfreude"]
[Black "AGW2016"]
[Result "1-0"]
[WhiteElo "2488"]
[BlackElo "2351"]
[TimeControl "180+1"]
[EndTime "11:57:05 PDT"]
[Termination "Schandenfreude won by resignation"]

1. Nf3 Nf6 2. c4 g6 3. b3 Bg7 4. Bb2 O-O 5. e3 c5 6. Be2 Nc6 7. O-O d5 8. cxd5 Nxd5 9. Bxg7 Kxg7 10. Qc1 b6 11. d4 Bg4 12. dxc5 bxc5 13. Rd1 e6 14. e4 Qf6 15. exd5 Qxa1 16. dxc6 Rfd8 17. Re1 Rac8 18. Qxc5 Rd5 19. Qc4 Qxa2 20. Nc3 Bxf3 21. Nxa2 Bxe2 22. Qxe2 Rxc6 23. Nb4 1-0

[Event "*** SCC Grand Prix: Titled Tuesday Blitz"]
[Site "Chess.com"]
[Date "2020.08.25"]
[Round "10"]
[White "Artyom_ChessMate"]
[Black "carlsen1001"]
[Result "1-0"]
[WhiteElo "2568"]
[BlackElo "2401"]
[TimeControl "180+1"]
[EndTime "11:57:11 PDT"]
[Termination "Artyom_ChessMate won by resignation"]

1. e4 c5 2. Nc3 Nc6 3. Bb5 g6 4. Bxc6 dxc6 5. d3 Bg7 6. f4 e6 7. Nf3 Ne7 8. O-O O-O 9. Qe1 b5 10. Qh4 b4 11. Na4 c4 12. Rd1 h6 13. Be3 f5 14. dxc4 Qc7 15. e5 Ba6 16. b3 Rad8 17. Bc5 g5 18. fxg5 Ng6 19. Qg3 Nxe5 20. gxh6 Nxf3+ 21.
gxf3 Qxg3+ 22. hxg3 Bxa1 23. Rxa1 Rf6 24. Be7 Rdf8 25.
Bxf6 Rxf6 26. Rd1 1-0

[Event "*** SCC Grand Prix: Titled Tuesday Blitz"]
[Site "Chess.com"]
[Date "2020.08.25"]
[Round "10"]
[White "StephenDedalus83"]
[Black "barbara25"]
[Result "0-1"]
[WhiteElo "2699"]
[BlackElo "2332"]
[TimeControl "180+1"]
[EndTime "11:57:14 PDT"]
[Termination "barbara25 won by resignation"]

1. e4 c5 2. Nf3 d6 3. d4 cxd4 4. Nxd4 Nf6 5. Nc3 a6 6. g3 e5 7. Nde2 Be7 8. Bg2 Be6 9. O-O O-O 10. h3 Nbd7 11. g4 Rc8 12. Ng3 b5 13. a3 Nb6 14.
Nf5 g6 15. Nxe7+ Qxe7 16. Bg5 Nc4 17. Qc1 h6 18. Bxh6 Nh7 19. Bxf8 Qxf8 20. b3 Nb6 21. Qd2 Qe7 22. Nd1 Qc7 23. Ne3 Nf6 24. f4 exf4 25. Rxf4 Nfd7 26. Raf1 Ne5 27. R4f2 Nbd7 28. Nd5 Bxd5 29.
Qxd5 Qb6 30. Kh1 Rf8 31. g5 Qe3 32. Qd2 Qg3 33. Qf4 Qc3 34. Kh2 Nc5 35. Qg3 Qb2 36. Rd1 Qxa3 37. Rf6 Ne6 38. h4 Qc5 39. Bh3 Qxc2+ 40.
Qf2 Qxd1 41. Bxe6 Ng4+ 42. Bxg4 Qxg4 43. Rf4 Qe6 44. Qf3 a5 45. h5 Qe5 46. Kh3 Rc8 47. hxg6 Rc3 0-1

[Event "*** SCC Grand Prix: Titled Tuesday Blitz"]
[Site "Chess.com"]
[Date "2020.08.25"]
[Round "10"]
[White "lucachess49"]
[Black "Quiet_Desperation"]
[Result "0-1"]
[WhiteElo "2439"]
[BlackElo "2297"]
[TimeControl "180+1"]
[EndTime "11:57:17 PDT"]
[Termination "Quiet_Desperation won by resignation"]

1. d4 d5 2. c4 c6 3. Nc3 Nf6 4.
e3 Bf5 5. cxd5 cxd5 6. Qb3 Bc8 7. Nf3 e6 8. Bd3 Bd6 9. O-O O-O 10. Bd2 a6 11. h3 Nc6 12. Rad1 e5 13. dxe5 Nxe5 14. Nxe5 Bxe5 15. Ne2 Rb8 16. Bc3 Bc7 17. Nf4 Be6 18. Nxe6 fxe6 19. e4 Qe7 20. Bxf6 Qxf6 21. exd5 exd5 22.
Qxd5+ Kh8 23. Qh5 g6 24. Qh6 Bf4 0-1

[Event "*** SCC Grand Prix: Titled Tuesday Blitz"]
[Site "Chess.com"]
[Date "2020.08.25"]
[Round "10"]
[White "mapleaff"]
[Black "djano"]
[Result "0-1"]
[WhiteElo "2349"]
[BlackElo "2474"]
[TimeControl "180+1"]
[EndTime "11:57:19 PDT"]
[Termination "djano won by checkmate"]

1. e4 c5 2. Nf3 g6 3. c3 d5 4.
exd5 Qxd5 5. Na3 Bg7 6. Be2 Nf6 7. Nc4 O-O 8. Qb3 Nc6 9. O-O b6 10. Ne1 Bb7 11. Bf3 Qd7 12. Nc2 Na5 13. Nxa5 Bxf3 14.
gxf3 bxa5 15. Qc4 Qf5 16. Ne3 Qxf3 17. Qxc5 Ne4 18. Qxe7 Bf6 19. Qd7 Ng5 20. h4 Nh3+ 21. Kh2 Be5# 0-1

[Event "*** SCC Grand Prix: Titled Tuesday Blitz"]
[Site "Chess.com"]
[Date "2020.08.25"]
[Round "10"]
[White "MomchilPetkov"]
[Black "londonkid"]
[Result "1-0"]
[WhiteElo "2560"]
[BlackElo "2457"]
[TimeControl "180+1"]
[EndTime "11:57:23 PDT"]
[Termination "MomchilPetkov won by resignation"]

1. e4 e6 2. d4 d5 3. Nc3 Nf6 4. e5 Nfd7 5. f4 c5 6. Nf3 Nc6 7. Be3 a6 8. Be2 b5 9. O-O Be7 10. a3 O-O 11. Qe1 Qc7 12. Qg3 cxd4 13. Nxd4 Nxd4 14.
Bxd4 Bc5 15. Rad1 Bxd4+ 16. Rxd4 Qb6 17. Rd1 Bb7 18. Kh1 Rac8 19. h4 h6 20. h5 Rc5 21.
R4d2 b4 22. axb4 Qxb4 23. Bd3 Qxb2 24. Ne2 Qb6 25. f5 exf5 26. Nd4 Qc7 27. Re2 Qd8 28. e6 fxe6 29. Nxe6 Qe7 30. Nxf8 Qxf8 31. Rde1 Rc8 32.
Re7 Nc5 33. Bxf5 Ne4 34. Bxe4 Qxe7 35. Bh7+ Kxh7 36. Rxe7 1-0

[Event "*** SCC Grand Prix: Titled Tuesday Blitz"]
[Site "Chess.com"]
[Date "2020.08.25"]
[Round "10"]
[White "isainz"]
[Black "Fortitudine"]
[Result "0-1"]
[WhiteElo "2120"]
[BlackElo "2238"]
[TimeControl "180+1"]
[EndTime "11:57:24 PDT"]
[Termination "Fortitudine won by resignation"]

1. e4 c5 2. Nf3 d6 3. d4 cxd4 4. Qxd4 Bd7 5. c4 Nc6 6. Qe3 g6 7. Nc3 Bh6 8. Qd3 Bxc1 9. Rxc1 Nf6 10. h3 O-O 11. Be2 Qa5 12. O-O Rac8 13. b3 a6 14.
Rfd1 Ne5 15. Nxe5 Qxe5 16. a4 Bc6 17. f3 Nh5 18. Qe3 Nf4 19. Nd5 Bxd5 20. cxd5 Rxc1 21. Rxc1 Nxd5 22. Qa7 Nf4 23. Bf1 Qg5 24. Kf2 Nxh3+ 25. gxh3 Qxc1 0-1

[Event "*** SCC Grand Prix: Titled Tuesday Blitz"]
[Site "Chess.com"]
[Date "2020.08.25"]
[Round "10"]
[White "abfchess"]
[Black "korkmaz16"]
[Result "0-1"]
[WhiteElo "2162"]
[BlackElo "2302"]
[TimeControl "180+1"]
[EndTime "11:57:25 PDT"]
[Termination "korkmaz16 won by resignation"]

1. d4 d5 2. Nf3 Nf6 3. c3 c5 4. Bg5 Ne4 5. Bf4 Qb6 6. Qb3 c4 7. Qxb6 axb6 8. Nfd2 Bf5 9. Nxe4 Bxe4 10. f3 Bg6 11. e4 e6 12. Nd2 Nc6 13. a3 b5 14.
Rc1 Kd7 15. g4 Bd6 16. Bxd6 Kxd6 17. h4 h5 18. e5+ Kc7 19. Kf2 b4 20. axb4 Ra2 21.
Ke3 Rxb2 22. Ra1 Rc2 23. Ra3 Kb6 24. Be2 Na7 25. Bd1 Rc1 26. Rf1 Nb5 27. Ra5 Rxc3+ 28. Kf2 hxg4 0-1

[Event "*** SCC Grand Prix: Titled Tuesday Blitz"]
[Site "Chess.com"]
[Date "2020.08.25"]
[Round "10"]
[White "Gurvich_Vitaly"]
[Black "AlexeiShirov"]
[Result "0-1"]
[WhiteElo "2627"]
[BlackElo "2747"]
[TimeControl "180+1"]
[EndTime "11:57:26 PDT"]
[Termination "AlexeiShirov won by resignation"]

1. e4 e5 2. Nf3 Nc6 3. Bb5 a6 4. Bxc6 dxc6 5. O-O f6 6. d4 Bg4 7. dxe5 Qxd1 8. Rxd1 Bxf3 9. gxf3 fxe5 10. Be3 Nf6 11. Nd2 Bd6 12. Nc4 O-O-O 13. a4 Rhe8 14. Kf1 Re6 15.
Ke2 Rf8 16. Rd3 Ne8 17. Rad1 Rff6 18. c3 b6 19. a5 b5 20. Nxd6+ cxd6 21. Rg1 Rf7 22.
Rc1 c5 23. c4 b4 24. b3 Nf6 25. Rcd1 Kc7 26. Rg1 Ng8 27. Bg5 h6 28. Be3 Ne7 29.
Rg3 Nc6 30. Rd1 Nxa5 31. Ra1 Kb6 32. Rag1 Nxb3 33. Rxg7 Rxg7 34. Rxg7 a5 35. Kd3 a4 36. Kc2 Nd4+ 37. Kb2 Nxf3 0-1

[Event "*** SCC Grand Prix: Titled Tuesday Blitz"]
[Site "Chess.com"]
[Date "2020.08.25"]
[Round "10"]
[White "Flawless_Fighter"]
[Black "varacalli"]
[Result "1-0"]
[WhiteElo "2562"]
[BlackElo "2398"]
[TimeControl "180+1"]
[EndTime "11:57:32 PDT"]
[Termination "Flawless_Fighter won by checkmate"]

1. e4 e5 2. Nf3 Nc6 3. Bb5 a6 4. Ba4 Nf6 5. O-O Be7 6. Re1 b5 7. Bb3 d6 8. h3 Na5 9. d3 Nxb3 10. axb3 Bb7 11. c4 O-O 12. Nc3 b4 13. Nd5 c5 14.
Nxe7+ Qxe7 15. Nh4 Bc8 16. Qf3 Ne8 17. Nf5 Bxf5 18. exf5 Nf6 19. g4 Qc7 20. g5 Nd7 21. Re4 Qc6 22. Qh5 Kh8 23. Rh4 h6 24. f6 Rg8 25. fxg7+ Rxg7 26. Qxh6+ Kg8 27. Qh8# 1-0

[Event "*** SCC Grand Prix: Titled Tuesday Blitz"]
[Site "Chess.com"]
[Date "2020.08.25"]
[Round "10"]
[White "The_Chess_Coach"]
[Black "StellarChessPro"]
[Result "0-1"]
[WhiteElo "2236"]
[BlackElo "2500"]
[TimeControl "180+1"]
[EndTime "11:57:44 PDT"]
[Termination "StellarChessPro won by resignation"]

1. d4 b6 2. c4 Bb7 3. Nc3 Nf6 4. d5 e6 5. e4 exd5 6. exd5 Bc5 7. Bd3 O-O 8. Nge2 c6 9. O-O cxd5 10. cxd5 h6 11. Bc2 Re8 12. Ng3 Na6 13. a3 Rc8 14. Qd3 Bf8 15.
Nh5 g6 16. Nf4 Nc5 17. Qg3 Bg7 18. Be3 g5 19. Nfe2 Nxd5 20. Bd4 Nxc3 21. Qxc3 Rxe2 22. Bxg7 Rxc2 23. Qxc2 Kxg7 24. Rad1 d5 25. Qc3+ Qf6 26. Qf3 Qxf3 27. g3 d4 0-1

[Event "*** SCC Grand Prix: Titled Tuesday Blitz"]
[Site "Chess.com"]
[Date "2020.08.25"]
[Round "10"]
[White "Chernobay_Artem"]
[Black "AttackSparrow"]
[Result "1-0"]
[WhiteElo "2576"]
[BlackElo "2412"]
[TimeControl "180+1"]
[EndTime "11:57:45 PDT"]
[Termination "Chernobay_Artem won by resignation"]

1. d4 Nf6 2. c4 c5 3. d5 b5 4.
cxb5 a6 5. bxa6 g6 6. Nc3 Bg7 7.
e4 O-O 8. e5 Ne8 9. h4 Bxe5 10.
h5 Qa5 11. Nf3 Bg7 12. hxg6 fxg6 13. Bh6 Bxa6 14. Qd2 Bxf1 15. Kxf1 Qa6+ 16. Kg1 Nf6 17. Bxg7 Kxg7 18. Re1 Qd6 19. Qh6+ Kg8 20. Ne4 Rf7 21. Nxd6 exd6 22. Ng5 Rg7 23. Nxh7 Nxh7 24. Re8+ Kf7 25. Re7+ 1-0

[Event "*** SCC Grand Prix: Titled Tuesday Blitz"]
[Site "Chess.com"]
[Date "2020.08.25"]
[Round "10"]
[White "Kildepiotr"]
[Black "nrvisakh"]
[Result "0-1"]
[WhiteElo "2645"]
[BlackElo "2801"]
[TimeControl "180+1"]
[EndTime "11:57:46 PDT"]
[Termination "nrvisakh won by resignation"]

1. Nf3 d5 2. g3 c5 3. Bg2 Nc6 4. O-O e5 5. d3 Nf6 6. Nbd2 Be7 7. e4 O-O 8. c3 dxe4 9. dxe4 h6 10. Qe2 Be6 11.
Nc4 Nd7 12. a4 Qb8 13. Rd1 Nb6 14. Nfd2 Rd8 15. Ne3 Bg5 16. a5 Bxe3 17. axb6 Bxd2 18. bxa7 Rxa7 19. Rxa7 Qxa7 20. Rxd2 Rxd2 21. Qxd2 Qa4 22. f3 Na5 23. Bf1 Kh7 24. Be2 Nb3 25. Qd1 Qa1 26. Be3 Qxb2 27. Qe1 b6 28. f4 f6 29. fxe5 fxe5 30. h4 Na5 31. g4 Qc2 32.
Bf3 Nc4 33. Bf2 Nd2 34. Bg2 Qxc3 35. g5 Nf3+ 36. Bxf3 Qxf3 37. gxh6 Bh3 0-1

[Event "*** SCC Grand Prix: Titled Tuesday Blitz"]
[Site "Chess.com"]
[Date "2020.08.25"]
[Round "10"]
[White "Noam_Vitenberg"]
[Black "x-0414717230"]
[Result "1-0"]
[WhiteElo "2532"]
[BlackElo "2702"]
[TimeControl "180+1"]
[EndTime "11:57:47 PDT"]
[Termination "Noam_Vitenberg won by resignation"]

1. d4 Nf6 2. c4 g6 3. Nc3 Bg7 4. e4 d6 5. Nf3 O-O 6. Be2 e5 7. Be3 Ng4 8. Bg5 f6 9. Bc1 Nh6 10. h4 Nc6 11. d5 Ne7 12. h5 g5 13.
Nh2 c5 14. g4 a6 15. Nf1 Qd7 16. Ne3 Rb8 17. a4 Qc7 18. Bd2 Bd7 19. a5 b5 20.
axb6 Rxb6 21. Qc2 Rfb8 22. Bc1 Qc8 23. f3 Nf7 24. O-O Bf8 25. Nf5 Nxf5 26. exf5 Be7 27.
Ne4 Nh6 28. Bd3 Kg7 29. Rf2 Ra8 30. Bd2 Rab8 31. Bc3 Bxf5 32. gxf5 Nxf5 33. Nxc5 Ne3 34. Ne6+ Qxe6 35. dxe6 Nxc2 36. Rxc2 h6 37. Kg2 Bd8 38. Ra2 Kf8 39. Ba5 Rc6 40. Bxd8 Rxd8 41. Be4 Rb6 42. Bd5 Ke7 43. b3 f5 44. c5 dxc5 45. Rxc5 Kf6 46. Bc4 g4 47. fxg4 fxg4 48. Rf2+ Kg5 49. Rxe5+ Kh4 50.
e7 1-0

[Event "*** SCC Grand Prix: Titled Tuesday Blitz"]
[Site "Chess.com"]
[Date "2020.08.25"]
[Round "10"]
[White "JuliaEfremova"]
[Black "Keithonsky"]
[Result "0-1"]
[WhiteElo "2359"]
[BlackElo "2554"]
[TimeControl "180+1"]
[EndTime "11:57:50 PDT"]
[Termination "Keithonsky won by checkmate"]

1. e4 e6 2. d4 d5 3. Nc3 Nf6 4. Bg5 dxe4 5. Nxe4 Be7 6. Bxf6 gxf6 7. Nf3 f5 8. Nc3 O-O 9. g3 b6 10. Bg2 Ba6 11. Ne2 Bb7 12. O-O Nd7 13. Nf4 Bd6 14. Nd3 c5 15. dxc5 Nxc5 16. Nxc5 Bxc5 17. Qe2 Qc8 18. Rfd1 Be4 19. Ng5 Bxg2 20. Qh5 Bxf2+ 21. Kxg2 Kg7 22. Qxh7+ Kf6 23. Qh6+ Ke7 24. Kxf2 Qxc2+ 25. Kg1 Rh8 26. Qg7 Qxh2+ 27. Kf1 Qh1+ 28. Ke2 Qg2+ 29. Kd3 Rhd8+ 30. Kc4 Qc2+ 31. Kb4 a5+ 32. Ka3 Qc5+ 33. Kb3 a4# 0-1

[Event "*** SCC Grand Prix: Titled Tuesday Blitz"]
[Site "Chess.com"]
[Date "2020.08.25"]
[Round "10"]
[White "Violord"]
[Black "ChristopherYoo"]
[Result "1-0"]
[WhiteElo "2673"]
[BlackElo "2811"]
[TimeControl "180+1"]
[EndTime "11:57:53 PDT"]
[Termination "Violord won on time"]

1. e4 c5 2. Nf3 d6 3. Bb5+ Nd7 4. O-O a6 5. Bxd7+ Bxd7 6. d4 cxd4 7. Qxd4 e5 8. Qd3 h6 9. a4 Nf6 10. a5 Bc6 11.
Re1 Be7 12. c4 b5 13. axb6 Qxb6 14. Nc3 O-O 15. Nd2 Ng4 16. Re2 f5 17. Nd5 Bxd5 18.
Qxd5+ Kh8 19. exf5 Rae8 20. Ne4 Nf6 21. Nxf6 Rxf6 22.
Be3 Qb3 23. g4 h5 24. h3 hxg4 25. hxg4 g6 26. Kg2 gxf5 27. Rh1+ Kg7 28. gxf5 Rg8 29.
Kf1 Qa2 30. Rg1+ 1-0

[Event "*** SCC Grand Prix: Titled Tuesday Blitz"]
[Site "Chess.com"]
[Date "2020.08.25"]
[Round "10"]
[White "NiranjanNavalgund"]
[Black "dosto07"]
[Result "1-0"]
[WhiteElo "2436"]
[BlackElo "2316"]
[TimeControl "180+1"]
[EndTime "11:57:53 PDT"]
[Termination "NiranjanNavalgund won by checkmate"]

1. e4 e5 2. Nf3 Nc6 3. Nc3 Nf6 4. Nxe5 Nxe5 5. d4 Nc6 6. e5 Bb4 7. exf6 Qxf6 8. a3 Bxc3+ 9. bxc3 O-O 10. Be2 d5 11. O-O Bf5 12. Rb1 b6 13. Bf3 Qg6 14. Rb2 Rad8 15. Bf4 Rd7 16. Qd2 Na5 17. Qc1 Nc4 18.
Ra2 Be4 19. Bxe4 dxe4 20. Re1 Re8 21. Ra1 h6 22. Rb1 Qc6 23. a4 a5 24. Rb5 Rd5 25.
f3 Rxb5 26. axb5 Qxb5 27. fxe4 c6 28. e5 a4 29. Bxh6 gxh6 30. Qxh6 Re6 31. Qg5+ Rg6 32. Qd8+ Kg7 33. e6 Rxe6 34. Rxe6 Qb1+ 35. Kf2 fxe6 36. Qe7+ Kh8 37. Qf6+ Kh7 38. Qf7+ Kh8 39. Qe8+ Kh7 40.
Qd7+ Kh8 41. Qd8+ Kg7 42. Qg5+ Kf7 43. Qf4+ Ke7 44. Qc7+ Kf6 45. Qd8+ Kf5 46. Qf8+ Ke4 47. Qf3# 1-0